 Dungeon Crawl Stone Soup version 0.29.1-1-gd02db6906a (webtiles) character file.

Game seed: 8238823389180880141

34 Servana the Chiller (level 3, 0/26 HPs)
             Began as a Draconian Ice Elementalist on Sept 23, 2022.
             Killed by divine providence
             ... invoked by an orc priest
              (15 damage)
             ... on level 2 of the Dungeon.
             The game lasted 00:17:11 (1225 turns).

Servana the Chiller (Draconian Ice Elementalist)    Turns: 1225, Time: 00:17:11

Health: 0/26       AC:  5    Str: 10    XL:     3   Next: 14%
Magic:  6/6        EV: 12    Int: 17    God:
Gold:   52         SH:  0    Dex: 11    Spells: 5/6 levels left

rFire   . . .      SeeInvis .   e - +0 whip (venom)
rCold   . . .      Faith    .   (no shield)
rNeg    + . .      Spirit   .   (body armour unavailable)
rPois   .          Reflect  .   (helmet restricted)
rElec   .          Harm     .   (no cloak)
rCorr   .          Rampage  .   (no gloves)
Will    .....                   (no boots)
Stlth   ++........              (no amulet)
HPRegen 0.08/turn               k - ring of positive energy
MPRegen 0.10/turn               (no ring)

@: no status effects
A: AC +5, unfitting armour, cold-blooded
a: no special abilities


You were on level 2 of the Dungeon.
You visited 1 branch of the dungeon, and saw 2 of its levels.

You collected 52 gold pieces.

Inventory:

Hand Weapons
 e - a +0 whip of venom (weapon)
 i - the +0 spear "Mylizid" {vorpal, Stlth+}
   (You found it on level 2 of the Dungeon)

   It inflicts extra damage upon your enemies.
   Stlth:     It makes you more stealthy.
Missiles
 c - 4 poisoned darts
 g - 4 curare-tipped darts
Jewellery
 k - a ring of positive energy (left hand)
Scrolls
 b - a scroll of blinking
 j - a scroll of identify
Potions
 a - a potion of magic
 d - a potion of might
 f - a potion of cancellation
 h - a potion of brilliance


   Skills:
 + Level 0.4 Maces & Flails
 + Level 2.0 Dodging
 + Level 1.9 Stealth
 + Level 2.1 Spellcasting
 * Level 4.7 Ice Magic


You had 5 spell levels left.
You knew the following spells:

 Your Spells              Type           Power      Damage    Failure   Level
a - Freeze                Ice            68%        1d8       2%          1

Your spell library contained the following spells:

 Spells                   Type           Power      Damage    Failure   Level
 Frozen Ramparts          Ice            34%        1d6       9%          3
 Ozocubu's Armour         Ice            17%        N/A       9%          3
 Summon Small Mammal      Summ           4%         N/A       19%         1
 Call Canine Familiar     Summ           1%         N/A       50%         3
 Dazzling Flash           Conj/Hex       2%         N/A       50%         3
 Summon Guardian Golem    Hex/Summ       1%         N/A       50%         3
 Hailstorm                Conj/Ice       9%         3d4       58%         4
 Iskenderun's Mystic Bla  Conj/Tloc      1%         2d3       88%         4
 Starburst                Conj/Fire      0%         6d3       100%        6


Dungeon Overview and Level Annotations

Branches:
Dungeon (2/15)

Altars:


Innate Abilities, Weirdness & Mutations

Your plain brown scales are hard. (AC +5)
You cannot fit into any form of body armour.
You are cold-blooded and may be slowed by cold attacks.


Message History

You see here a scroll of identify.
j - a scroll of identify The quokka closely misses you.
You hit the quokka.
You kill the quokka!
Found a golden ring.
k - a ring of positive energy
There are no items here.
Found 5 stones.
A ball python comes into view.
You see here 5 stones.
Found a stone staircase leading up.
Found a scroll of identify.
The ball python bites you but does no damage.
The ball python grabs you. The ball python constricts you.
You hit the ball python.
The ball python is poisoned.
The ball python is moderately wounded.
You kill the ball python!
You see here a ball python corpse.
j - 2 scrolls of identify (gained 1)
There are no items here.
As you read the scroll of identify, it crumbles to dust.
d - a potion of might A ball python comes into view.
The ball python hisses angrily.
You hit the ball python.
You kill the ball python!
You see here a ball python corpse.
k - a ring of positive energy (left hand)
Found 12 gold pieces.
An adder comes into view. 2 orc priests, an orc and a ball python come into view.
The orc priest shouts!
The orc priest looks braver for a moment.
The orc priest mumbles some strange prayers to Beogh against you.
Beogh smites you!
The orc priest calls down the wrath of Beogh upon you.
Beogh smites you!
Ouch! That really hurt!
You die...

#o##.# #..<###.. #.##.#
#.#.# ## #o##.# #.#.#
#.######.##.# #.#.# ##
#........†..# #.#.# #.
######o###..####.#.####.
#######o# #......†....##.
........###..##...###(###
#######.@.........# #....
##.######...# #.### ...#
###.....# # ###.# ###.###
#.# #... #.# # ## #.# #.#


You could see 2 orc priests.

Vanquished Creatures
  A dart slug (D:1)
  3 endoplasms
  3 goblins (D:1)
  2 hobgoblins (D:1)
  3 jackals (D:2)
  5 kobolds (D:1)
  3 quokkas
  5 ball pythons
  A frilled lizard (D:1)
  3 rats (D:1)
29 creatures vanquished.

Notes
Turn   | Place    | Note
-------+----------+-------------------------------------------
     0 | D:1      | Servana the Draconian Ice Elementalist began the quest for
                  | the Orb.
     0 | D:1      | Reached XP level 1. HP: 14/14 MP: 3/3
   194 | D:1      | Reached XP level 2. HP: 20/20 MP: 3/5
  1093 | D:2      | Identified the +0 spear "Mylizid" {vorpal, Stlth+}
  1161 | D:2      | Reached XP level 3. HP: 26/26 MP: 6/6
  1225 | D:2      | Killed from afar by an orc priest

Illustrated notes

Levels and vault maps discovered:
D:1:      dpeg_arrival_round_b, layout_loops_ring
D:2:      layout_loops_ring, shapermc_ecumenical_altar_petra

Skill      XL: |  1  2 |
---------------+-------+-----
Dodging        | 2 |  2.0
Maces & Flails | |  0.4
Stealth        | |  1.9
Spellcasting   | |  2.1
Ice Magic      | |  4.7

Action                   || total
-------------------------++-------
Melee: Whip              ||    57
       Tailslap          ||     8
 Cast: Freeze            ||    20
  Use: Scroll            ||     7
 Stab: Sleeping          ||     2
       Distracted        ||     1
Armor: Skin              ||    16
Dodge: Dodged            ||    42
